 Dungeon Crawl Stone Soup version 0.22-a0-278-g8f80174 (webtiles) character file.

43420 RoseArtemis the Bludgeoner (level 13, -17/122 HPs)
             Began as a Minotaur Fighter on Mar 15, 2018.
             Was the Champion of Okawaru.
             Demolished by a death yak (26 damage)
             ... on level 6 of the Lair of Beasts on Mar 16, 2018.
             The game lasted 00:49:19 (19867 turns).

RoseArtemis the Bludgeoner (Minotaur Fighter)      Turns: 19867, Time: 00:49:19

Health: -17/122    AC: -5    Str: 22    XL:     13   Next: 90%
Magic:  15/15      EV: 10    Int:  6    God:    Okawaru [******]
Gold:   1234       SH: 13    Dex: 13    Spells: 12/12 levels left

rFire    . . .     SeeInvis .   a - +4 morningstar
rCold    . . .     Gourm    +   c - +0 shield
rNeg     + . .     Faith    .   Q - +0 plate armour
rPois    +         Spirit   .   w - +1 hat
rElec    .         Reflect  .   (no cloak)
rCorr    .         Harm     .   e - +2 pair of gloves
MR       .....                  r - +2 pair of boots
Stlth    ..........             K - amulet of the gourmand
HPRegen  0.30/turn              N - ring of positive energy
MPRegen  0.14/turn              M - ring of poison resistance

@: corroded
A: retaliatory headbutt, horns 2
a: Heroism, Finesse, Renounce Religion


You were on level 6 of the Lair of Beasts.
You worshipped Okawaru.
Okawaru was exalted by your worship.
You were very full.

You visited 3 branches of the dungeon, and saw 17 of its levels.
You also visited: Sewer.

You collected 1234 gold pieces.

Inventory:

Hand Weapons
 a - a +4 morningstar (weapon)
Armour
 c - a +0 shield (worn)
 e - a +2 pair of gloves (worn)
 r - a +2 pair of boots (worn)
 w - a +1 hat (worn)
 Q - a +0 plate armour (worn)
 R - a +2 chain mail of positive energy
Jewellery
 s - an uncursed ring of ice
 K - an amulet of the gourmand (around neck)
 M - a ring of poison resistance (right hand)
 N - a ring of positive energy (left hand)
Wands
 y - a wand of enslavement (17)
 C - a wand of polymorph (49)
 D - a wand of paralysis (29)
 G - a wand of acid (7)
 L - a wand of iceblast (9)
 P - a wand of flame (51)
 U - a wand of digging (12)
 V - a wand of disintegration (12)
Scrolls
 j - 5 scrolls of teleportation
 k - a scroll of summoning {unknown}
 m - 2 scrolls of enchant weapon
 n - 14 scrolls of remove curse
 t - 9 scrolls of fog
 u - 2 scrolls of random uselessness {unknown}
 x - 2 scrolls of blinking
 B - 2 scrolls of fear {unknown}
 H - 3 scrolls of magic mapping
 I - 6 scrolls of amnesia
 S - 2 scrolls of enchant armour {unknown}
 T - a scroll of holy word {unknown}
 W - a scroll of identify
Potions
 d - 6 potions of might
 g - a potion of magic
 h - 6 potions of flight
 i - 6 potions of curing
 l - a potion of invisibility {unknown}
 o - 11 potions of heal wounds
 p - 2 potions of ambrosia
 q - 3 potions of mutation
 z - a potion of lignification {unknown}
 A - 3 potions of berserk rage
 E - 3 potions of cancellation
 F - a potion of haste {unknown}
 J - 2 potions of brilliance {unknown}
 O - 2 potions of agility
Miscellaneous
 v - a phial of floods
Comestibles
 f - 33 rations


   Skills:
 + Level 13.5 Fighting
 - Level 16.0 Maces & Flails
 - Level 10.6 Armour
 + Level 8.2 Dodging
 + Level 13.4 Shields
 - Level 5.0 Invocations


You had 12 spell levels left.
You didn't know any spells.

Dungeon Overview and Level Annotations

Branches:
Dungeon (10/15)            Temple (1/1) D:7            Lair (6/6) D:9
  Swamp (0/4) Lair:3        Snake (0/4) Lair:4        Slime (0/5) Lair:6
    Orc: D:9-12

Altars:
Ashenzari
Cheibriados
Dithmenos
Elyvilon
Fedhas
Gozag
Hepliaklqana
Kikubaaqudgha
Makhleb
Nemelex Xobeh
Okawaru
Qazlal
Ru
Sif Muna
Trog
Uskayaw
Vehumet
Wu Jian
Xom
Yredelemnul
Zin
The Shining One
Jiyva
Lugonu

Shops:
D:9 =   D:10 %!%

Annotations:
D:9 Thaneod's ghost, novice DEFE
Lair:2 exclusion: 2 oklob plants
Lair:6 1 exclusion


Innate Abilities, Weirdness & Mutations

You reflexively headbutt those who attack you in melee.
You have a pair of horns on your head.


Message History

You see here a stone.
The entropy weaver gestures wildly while chanting.
The entropic weave corrodes you!
You feel like a meek peon again.
An entropy weaver opens the door.
The entropy weaver throws a stone.
The stone hits you!
* * * LOW HITPOINT WARNING * * *
You see here a stone.
A death yak comes into view.
The death yak bellows!
The entropy weaver mumbles some strange words.
The entropic weave corrodes you!
The entropy weaver casts a spell.
The entropic weave corrodes you!
The entropy weaver mumbles some strange words.
The entropic weave corrodes you! The death yak gores you!!
* * * LOW HITPOINT WARNING * * *
The death yak gores you!!
You die...

.....#..###.###.⌠.##.#.##.
.......#####.......#......
.......#.##..#⌠.<..+...⌠..
.......................(..
................⌠.#..####.
..............##..#.......
....................###+..
...................##.....
.........@.........#.#....
..........Y.......(#.....#
..............8..(.#...⌠..
.......8........a..#.....#
............8...a....a...#
#####....8..........#.....
###......8......##'..#
###......###.......(
......## ##.......


You could see a death yak and 2 entropy weavers.

Vanquished Creatures
  Josephine (Lair:6)
  5 hydras
  A catoblepas (Lair:6)
  A queen ant (Lair:6)
  2 two-headed ogres (D:8)
  The ghost of p0werm0de the Grappler, a novice FoCK of Xom (D:10)
  Pikel (D:4)
  5 black mambas
  21 elephants
  3 komodo dragons
  4 spiny frogs
  Grinder (D:3)
  6 hippogriffs
  26 blink frogs
  5 wraiths (Lair:6)
  4 hogs (D:8)
  2 basilisks
  A human (D:8)
  46 yaks
  A wyvern (D:9)
  3 vampire mosquitoes (Lair:3)
  A hungry ghost (D:10)
  A steam dragon (D:5)
  An acid dragon (D:9)
  3 nagas (Lair:4)
  2 soldier ants (Lair:6)
  16 water moccasins
  8 porcupines
  2 orc warriors
  5 ice beasts
  3 sky beasts
  8 ogres
  A phantom (D:5)
  2 black bears
  5 wolves (Lair:3)
  5 centaurs
  12 crocodiles
  A big kobold (Sewer)
  15 bullfrogs
  A scorpion (D:9)
  A water moccasin skeleton (D:10)
  11 killer bees (D:9)
  9 wights
  3 jellies (D:10)
  2 vampire bats (Lair:1)
  A howler monkey (D:6)
  3 crimson imps
  7 orc priests
  A centaur skeleton (D:9)
  3 hounds
  2 bullfrog skeletons
  Terence (D:2)
  4 iguanas
  5 orc wizards
  13 worker ants
  A hound zombie (D:8)
  A hound skeleton (D:5)
  Robin (D:2)
  2 worker ant zombies (D:10)
  7 gnolls
  2 river rats (Sewer)
  11 adders
  2 shadow imps
  An ooze (D:4)
  An adder skeleton (D:9)
  2 adder zombies
  2 worms
  A dart slug (D:1)
  29 orcs
  3 giant cockroaches
  19 goblins
  8 hobgoblins
  11 jackals
  10 kobolds
  2 quokkas
  A ball python (D:3)
  9 bats
  2 frilled lizards
  A hobgoblin zombie (D:7)
  2 kobold skeletons (D:7)
  2 kobold zombies (D:7)
  An orc zombie (D:7)
  A quokka skeleton (D:4)
  6 rats
439 creatures vanquished.

Vanquished Creatures (others)
  6 fungi
  15 plants
21 creatures vanquished.

Grand Total: 460 creatures vanquished

Notes
Turn   | Place    | Note
-------+----------+-------------------------------------------
     0 | D:1      | RoseArtemis the Minotaur Fighter began the quest for the Orb.
     0 | D:1      | Reached XP level 1. HP: 19/19 MP: 0/0
   313 | D:1      | Reached XP level 2. HP: 27/27 MP: 1/1
   439 | D:1      | Reached skill level 3 in Maces & Flails
   818 | D:2      | Noticed Robin
   819 | D:2      | Noticed Terence
   830 | D:2      | Reached XP level 3. HP: 21/33 MP: 2/2
   835 | D:2      | Killed Terence
   838 | D:2      | Killed Robin
   843 | D:2      | Reached XP level 4. HP: 5/40 MP: 3/3
  1211 | D:2      | Reached skill level 4 in Maces & Flails
  1350 | D:2      | Found an iron altar of Okawaru.
  1357 | D:2      | Became a worshipper of Warmaster Okawaru
  1709 | D:3      | Reached XP level 5. HP: 36/47 MP: 4/4
  1964 | D:3      | Found a blossoming altar of Fedhas.
  2284 | D:3      | Reached skill level 5 in Maces & Flails
  2301 | D:3      | Found an ancient bone altar of Kikubaaqudgha.
  2368 | D:3      | Noticed Grinder
  2371 | D:3      | Paralysed by Grinder for 7 turns
  2383 | D:3      | Paralysed by Grinder for 7 turns
  2395 | D:3      | Killed Grinder
  2395 | D:3      | Reached * piety under Okawaru
  2395 | D:3      | Reached skill level 5 in Fighting
  2395 | D:3      | Reached skill level 5 in Armour
  2395 | D:3      | Reached skill level 5 in Shields
  2395 | D:3      | Reached XP level 6. HP: 23/56 MP: 5/5
  3093 | D:4      | Found an ornate altar of the Wu Jian Council.
  3093 | D:4      | Found a shimmering altar of Xom.
  3251 | D:4      | Reached skill level 6 in Maces & Flails
  3251 | D:4      | Reached XP level 7. HP: 46/61 MP: 6/6
  3349 | D:4      | Found a sacrificial altar of Ru.
  3379 | D:4      | Reached ** piety under Okawaru
  3602 | D:4      | Found a glowing drain.
  3618 | Sewer    | Entered a sewer
  3723 | Sewer    | Found a white marble altar of Elyvilon.
  3909 | D:4      | Noticed Pikel
  3928 | D:4      | Killed Pikel
  3928 | D:4      | Reached skill level 7 in Maces & Flails
  3928 | D:4      | Reached XP level 8. HP: 69/71 MP: 7/7
  4149 | D:5      | Entered Level 5 of the Dungeon
  4190 | D:5      | Reached skill level 8 in Maces & Flails
  4513 | D:5      | Reached *** piety under Okawaru
  4545 | D:5      | Found a stormy altar of Qazlal.
  4837 | D:5      | Reached skill level 9 in Maces & Flails
  5348 | D:6      | Reached XP level 9. HP: 69/79 MP: 8/8
  5904 | D:6      | Found an opulent altar of Gozag.
  6070 | D:7      | Found a staircase to the Ecumenical Temple.
  6097 | D:7      | Found a white marble altar of Elyvilon.
  6098 | D:7      | Found a shadowy altar of Dithmenos.
  6133 | D:7      | Found a snail-covered altar of Cheibriados.
  6134 | D:7      | Found a sparkling altar of Nemelex Xobeh.
  6220 | D:7      | Found a glowing golden altar of the Shining One.
  6633 | Temple   | Entered the Ecumenical Temple
  6711 | D:8      | Reached skill level 10 in Maces & Flails
  7127 | D:8      | Noticed a two-headed ogre
  7140 | D:8      | Killed a two-headed ogre
  7140 | D:8      | Reached **** piety under Okawaru
  7353 | D:8      | Found a flagged portal.
  7421 | D:8      | Reached skill level 11 in Maces & Flails
  7423 | D:8      | Reached XP level 10. HP: 90/90 MP: 9/9
  7678 | D:8      | Noticed a two-headed ogre
  7687 | D:8      | Killed a two-headed ogre
  7687 | D:8      | Reached ***** piety under Okawaru
  8227 | D:9      | Found a hide-covered altar of Uskayaw.
  8235 | D:9      | Received a gift from Okawaru
  8304 | D:9      | Reached skill level 12 in Maces & Flails
  8653 | D:9      | Found Qistrop Romea's Jewellery Shop.
  8711 | D:9      | Noticed Thaneod's ghost (novice DEFE)
  8746 | D:9      | Found a bloodstained altar of Trog.
  9952 | D:9      | Reached XP level 11. HP: 88/99 MP: 10/10
 10033 | D:9      | Found a staircase to the Lair.
 10283 | D:10     | Entered Level 10 of the Dungeon
 10289 | D:10     | Reached skill level 10 in Fighting
 10449 | D:10     | Reached skill level 13 in Maces & Flails
 10449 | D:10     | Reached skill level 10 in Armour
 10449 | D:10     | Reached skill level 10 in Shields
 10772 | D:10     | Found Pengoyl's Distillery.
 10826 | D:10     | Noticed p0werm0de's ghost (novice FoCK)
 10836 | D:10     | Killed p0werm0de's ghost
 11374 | D:10     | Found Mioris's Food Shop.
 11544 | D:10     | Found Yskaf's Food Shoppe.
 12302 | Lair:1   | Entered Level 1 of the Lair of Beasts
 12732 | Lair:1   | Noticed a seven-headed hydra
 12745 | Lair:1   | Killed a seven-headed hydra
 13249 | Lair:1   | Reached skill level 14 in Maces & Flails
 13252 | Lair:1   | Reached skill level 1 in Dodging
 13380 | Lair:1   | Received a gift from Okawaru
 13380 | Lair:1   | Reached ****** piety under Okawaru
 13910 | Lair:1   | Reached XP level 12. HP: 91/110 MP: 11/11
 13911 | Lair:1   | Noticed a seven-headed hydra
 13919 | Lair:1   | Killed a seven-headed hydra
 15333 | Lair:3   | Reached skill level 15 in Maces & Flails
 15507 | Lair:3   | Received a gift from Okawaru
 15987 | Lair:3   | Found a dark tunnel.
 16011 | Lair:3   | Found a staircase to the Swamp.
 16098 | Lair:3   | Reached skill level 5 in Dodging
 16480 | Lair:3   | Noticed a four-headed hydra
 16489 | Lair:3   | Killed a four-headed hydra
 16489 | Lair:3   | Reached skill level 16 in Maces & Flails
 16489 | Lair:3   | Reached XP level 13. HP: 110/118 MP: 12/12
 16656 | Lair:3   | Received a gift from Okawaru
 16656 | Lair:3   | Reached skill level 1 in Invocations
 17124 | Lair:4   | Found a staircase to the Snake Pit.
 18422 | Lair:5   | Received a gift from Okawaru
 18765 | Lair:6   | Entered Level 6 of the Lair of Beasts
 18775 | Lair:6   | Reached skill level 5 in Invocations
 19051 | Lair:6   | Noticed Josephine
 19064 | Lair:6   | Killed Josephine
 19432 | Lair:6   | Found a viscous altar of Jiyva.
 19433 | Lair:6   | Found a staircase to the Slime Pits.
 19480 | Lair:6   | Noticed an entropy weaver
 19480 | Lair:6   | Noticed an entropy weaver
 19867 | Lair:6   | Demolished by a death yak

Vault maps used:
D:1:      mrwooster_arrival_statue
D:2:      okawaru_ov_weapons_minmay, first_ration, uniq_robin, uniq_terence
D:3:      lemuel_crystal_altar, overflow_temple_1_default, uniq_grinder
D:4:      nicolae_ru_awakened_eye, gammafunk_temple_overflow_wave,
          cheibrodos_sewer_entry_bend, kennysheep_generic_room_9, uniq_pikel
D:5:      lemuel_doored_altar
D:6:      minmay_misc_feat_alley, grunt_gozag_statues
D:7:      nicolae_tso_besieged_by_evil, grunt_temple_overflow_open,
          minmay_temple_entry_purple_smoke
D:8:      serial_glass, glass_columns_b, glass_columns_a, enter_bailey_3,
          grunt_livestock
D:9:      kennysheep_mini_moat, erik_lair_dragon, serial_shops,
          nicolae_shop_trees, basic_altar
D:10:     serial_shops, shop_fountains, shop_statue, shop
Temple:   corrupted_temple
Lair:1:   cheibrodos_lair_river_kwai, roderic_batcave,
          hangedman_lair_unloving_vines, st_stairs_9, infiniplex_staircase_pool
Lair:2:   minmay_lair_oklob_chamber
Lair:3:   minmay_swamp_entry_swarm, lightli_volcano_entry_magma_tube,
          lemuel_fruit_fields, grunt_megastairs_4
Lair:4:   minmay_snake_entry_guardpost_small, lemuel_fruit_tree
Lair:6:   evilmike_catoblepas_cave, slime_altar_1, wad_woods_antlair,
          grunt_megastairs_1, serial_bayou_shore_a, serial_bayou_shore_b,
          uniq_josephine
Sewer:    sewer_kobolds

Skill      XL: |  1  2  3  4  5  6  7  8  9 10 11 12 13 |
---------------+----------------------------------------+-----
Maces & Flails | 3 4 5 6 7 9 11 12 14 16 | 16.0
Fighting       | 4 5 6 7 8 9 11 12 13 | 13.5
Armour         | 4 5 6 7 8 9 10 | 10.6
Shields        | 4 5 6 7 8 9 11 12 13 | 13.4
Dodging        | 2 5 8 |  8.2
Invocations    | 5 |  5.0

Action                   |  1- 3 |  4- 6 |  7- 9 | 10-12 | 13-15 || total
-------------------------+-------+-------+-------+-------+-------++-------
Melee: Flail             |    63 |   147 |   212 |       |       ||   422
       Headbutt          |     9 |    20 |    70 |   170 |   119 ||   388
       Morningstar       |       |       |    67 |   771 |   432 ||  1270
Invok: Heroism           |       |       |       |       |     3 ||     3
       Finesse           |       |       |       |       |     1 ||     1
  Use: Scroll            |       |       |    11 |    12 |     3 ||    26
       Potion            |       |       |       |     1 |       ||     1
  Eat: Chunk             |       |     8 |    10 |    54 |     9 ||    81
       Ration            |       |       |     1 |     2 |       ||     3
Armor: Scale mail        |    65 |   104 |    88 |   156 |       ||   413
       Plate armour      |       |       |       |   237 |   173 ||   410
Dodge: Dodged            |    17 |    54 |    53 |   234 |   111 ||   469
Block: Shield            |    48 |    87 |   136 |   500 |   267 ||  1038

Table legend:
 A = Spawn XP
 B = Non-spawn XP
 C = Spawn XP percentage of total XP
 D = Spawn monster count
 E = Non-spawn monster count
 F = Spawn count percentage of total count
 G = Total turns spent on level
                    A         B        C        D         E        F      G
               +---------+---------+-------+---------+---------+-------+---------
         Total |       0 |   62029 |   0.0 |       0 |     439 |   0.0 | 19867
               +---------+---------+-------+---------+---------+-------+---------
           D:1 |       0 |      22 |   0.0 |       0 |      11 |   0.0 |   982
           D:2 |       0 |     141 |   0.0 |       0 |      32 |   0.0 |   699
           D:3 |       0 |     434 |   0.0 |       0 |      26 |   0.0 |  1390
           D:4 |       0 |    1055 |   0.0 |       0 |      12 |   0.0 |   928
           D:5 |       0 |     923 |   0.0 |       0 |      23 |   0.0 |  1166
           D:6 |       0 |     804 |   0.0 |       0 |      14 |   0.0 |   755
           D:7 |       0 |     194 |   0.0 |       0 |       9 |   0.0 |   581
           D:8 |       0 |    3694 |   0.0 |       0 |      32 |   0.0 |  1500
           D:9 |       0 |    4345 |   0.0 |       0 |      52 |   0.0 |  2440
          D:10 |       0 |    3928 |   0.0 |       0 |      37 |   0.0 |  1932
        Lair:1 |       0 |    7619 |   0.0 |       0 |      34 |   0.0 |  1696
        Lair:2 |       0 |    2719 |   0.0 |       0 |      17 |   0.0 |  1042
        Lair:3 |       0 |   16432 |   0.0 |       0 |      56 |   0.0 |  1723
        Lair:4 |       0 |    6858 |   0.0 |       0 |      23 |   0.0 |  1202
        Lair:5 |       0 |    2447 |   0.0 |       0 |      13 |   0.0 |   534
        Lair:6 |       0 |   10282 |   0.0 |       0 |      38 |   0.0 |  1102
         Sewer |       0 |     132 |   0.0 |       0 |      10 |   0.0 |   150
               +---------+---------+-------+---------+---------+-------+---------
